 Dungeon Crawl Stone Soup version 0.30-a0-916-g98134172ad (webtiles) character file.

Game seed: 10308628971265279705

345 112233 the Magician (level 6, 0/41 HPs)
             Began as a Mummy Necromancer on Mar 20, 2023.
             Slain by Blork the orc
             ... wielding a +1 battleaxe of flaming
              (5 damage)
             ... on level 4 of the Dungeon.
             The game lasted 00:06:16 (3797 turns).

112233 the Magician (Mummy Necromancer)             Turns: 3797, Time: 00:06:17

Health: 0/41       AC:  5    Str: 12    XL:     6   Next: 32%
Magic:  1/15       EV: 12    Int: 16    God:
Gold:   150        SH:  0    Dex: 12    Spells: 13/17 levels left

rFire   x . .      SeeInvis .    h - +9 whip of Uncomfortable Rashes {heavy, Fly}
rCold   + . .      Faith    +    (no shield)
rNeg    + + +      Spirit   .    a - +1 robe
rPois   ∞          Reflect  .    (no helmet)
rElec   .          Rampage  .    (no cloak)
rCorr   .                        n - +0 pair of gloves
Will    .....                    m - +0 pair of boots
Stlth   ++                       (no amulet)
HPRegen 0.26/turn                (no ring)
MPRegen 0.14/turn                (no ring)

@: flying
A: cold resistance 1, negative energy resistance 3, torment resistance 2, heat
vulnerability 1, in touch with death 1, no potions, faith
a: no special abilities


You were on level 4 of the Dungeon.
You visited 1 branch of the dungeon, and saw 4 of its levels.

You collected 150 gold pieces.

Inventory:

Hand Weapons
 b - a +0 dagger of venom
 g - a +0 spear
 h - the +9 whip of Uncomfortable Rashes (weapon) {heavy, Fly}
   (You found it on level 2 of the Dungeon)

   Fly:       It grants you flight.
 k - a +2 dagger of electrocution
Armour
 a - a +1 robe (worn)
 m - a +0 pair of boots (worn)
 n - a +0 pair of gloves (worn)
Magical Staves
 c - a staff of cold
Jewellery
 e - a +6 ring of strength
Scrolls
 d - 4 scrolls of teleportation {unknown}
 f - a scroll of fear
 i - 3 scrolls of noise {unknown}
 j - a scroll of fog {unknown}
 l - a scroll of identify {unknown}
 o - a scroll of acquirement {unknown}


   Skills:
 - Level 1.6 Dodging
 - Level 1.6 Stealth
 + Level 6.0 Spellcasting
 + Level 6.0 Necromancy


You had 13 spell levels left.
You knew the following spells:

 Your Spells              Type           Power      Damage    Failure   Level
a - Necrotise             Necr           100%       1d9       1%          1
b - Vampiric Draining     Necr           36%        2d8       3%          3

Your spell library contained the following spells:

 Spells                   Type           Power      Damage    Failure   Level
 Animate Dead             Necr           36%        N/A       11%         4
 Summon Small Mammal      Summ           16%        N/A       14%         1
 Ensorcelled Hibernation  Hex/Ice        8%         N/A       21%         2
 Passwall                 Tmut/Erth      3%         N/A       21%         2
 Agony                    Necr           36%        N/A       30%         5
 Call Canine Familiar     Summ           4%         N/A       38%         3
 Summon Guardian Golem    Hex/Summ       4%         N/A       38%         3
 Swiftness                Air            4%         N/A       38%         3


Dungeon Overview and Level Annotations

Branches:
Dungeon (4/15)
 Temple: D:4-7

Altars:
Okawaru
Xom

Annotations:
D:3 1 runed translucent door, Crazy Yiuf, Grinder
D:4 Blork the orc


Innate Abilities, Weirdness & Mutations

You are immune to poison.
Your flesh is cold resistant. (rC+)
You are immune to negative energy. (rN+++)
You are immune to unholy pain and torment.
You are vulnerable to heat. (rF-)
You are in touch with the powers of death.
You do not drink.
You have a special connection with the divine. (Faith)


Message History

Unknown command.
You aren't carrying any items that you can evoke.
Unknown command.
Casting: Vampiric Draining (dangerous; 3% risk of failure)
Confirm with . or Enter, or press ? or * to list all spells.
Aiming: Vampiric Draining (dangerous; 3% risk of failure)
Press: ? - help, Shift-Dir - straight line, f - orc
Aim: an orc, wielding a +0 war axe You feel a surge of power!
You draw life force from the orc!
You kill the orc!
You feel life coursing into your body. Blork the orc barely misses you.
Natasha barely misses you.
Unknown command.
Casting: Vampiric Draining (dangerous; 3% risk of failure)
Confirm with . or Enter, or press ? or * to list all spells.
Aiming: Vampiric Draining (dangerous; 3% risk of failure)
Press: ? - help, Shift-Dir - straight line, f - Natasha
Aim: Natasha (spells empowered)
You feel a surge of power!
You draw life force from Natasha!
You feel life coursing into your body! Blork the orc barely misses you.
Natasha closely misses you.
Unknown command.
Unknown command.
Unknown command.
Unknown command.
You whack Blork the orc!
Blork the orc is moderately wounded.
Blork the orc casts a cantrip, but nothing happens.
Blork the orc hits you with a +1 battleaxe of flaming.
* * * LOW HITPOINT WARNING * * *
Blork the orc burns you.
* * * LOW HITPOINT WARNING * * *
Natasha barely misses you. Blork the orc closely misses you.
You whack Natasha!
You kill Natasha!
Natasha growls in agony!
The white imp disappears in a puff of smoke!
Blork the orc misses you.
Blork the orc hits you with a +1 battleaxe of flaming.
You die...

#.. #.. #... #...
##.... ...
#....§##########...
#.....o@...........
#.....#o.........#
#.....#..........#
#...o........)...#
#................###
#...................
#......####......##
###.#...........#
#.#.###.#.######.#


You could see Blork the orc (fast) and an orc priest.

Vanquished Creatures
  A jelly (D:4)
  An orc priest (D:4)
  Ijyb (D:3)
  Natasha (D:4)
  A gnoll (D:1)
  4 adders
  A worm (D:2)
  2 dart slugs
  4 orcs (D:4)
  8 ball pythons
  11 bats
  4 endoplasms
  A giant cockroach (D:3)
  6 goblins
  14 hobgoblins
  3 jackals (D:3)
  2 quokkas
  A frilled lizard (D:3)
  6 kobolds
  8 rats
80 creatures vanquished.

Vanquished Creatures (collateral kills)
  A black bear (D:3)
  An adder (D:3)
  A goblin (D:2)
  A ball python (D:2)
  2 frilled lizards (D:3)
  2 rats
8 creatures vanquished.

Grand Total: 88 creatures vanquished

Notes
Turn   | Place    | Note
-------+----------+-------------------------------------------
     0 | D:1      | 112233 the Mummy Necromancer began the quest for the Orb.
     0 | D:1      | Reached XP level 1. HP: 13/13 MP: 4/4
   220 | D:1      | Reached XP level 2. HP: 19/19 MP: 3/6
   506 | D:1      | You fall into a shaft and drop 1 floor!
   989 | D:2      | Gained mutation: You are in touch with the powers of death.
                  | [Mummy growth]
   989 | D:2      | Reached XP level 3. HP: 24/24 MP: 1/8
   993 | D:2      | Learned a level 3 spell: Vampiric Draining
  1360 | D:2      | Identified the +9 whip of Uncomfortable Rashes {heavy, Fly}
  1581 | D:2      | Reached XP level 4. HP: 30/30 MP: 8/10
  2354 | D:3      | Found a shimmering altar of Xom.
  2363 | D:3      | Reached skill level 5 in Necromancy
  2546 | D:3      | Noticed a black bear
  2585 | D:3      | Found an iron altar of Okawaru.
  2658 | D:3      | Killed a black bear
  2659 | D:3      | Reached skill level 5 in Spellcasting
  2659 | D:3      | Reached XP level 5. HP: 34/35 MP: 1/12
  2858 | D:3      | Found a runed translucent door.
  2859 | D:3      | Noticed Crazy Yiuf
  3069 | D:3      | Noticed Grinder
  3327 | D:4      | Noticed Ijyb
  3336 | D:3      | Killed Ijyb
  3536 | D:3      | Paralysed by Grinder for 2 turns
  3666 | D:4      | Reached XP level 6. HP: 41/41 MP: 8/14
  3785 | D:4      | Noticed Blork the orc
  3787 | D:4      | Noticed Natasha
  3797 | D:4      | Killed Natasha
  3797 | D:4      | Slain by Blork the orc

Illustrated notes

Levels and vault maps discovered:
D:1:      spicycebolla_green_bress_n_ham, layout_rooms, nicolae_grassy_gnolls
D:2:      layout_basic, minmay_divided_ellipse
D:3:      layout_rooms, okawaru_metal_pillars_1_2, lemuel_doored_altar,
          xom_teletrap_fun, minivault_14, chequers_arboretum,
          hangedman_decor_riveting, serial_park_tiny_pond,
          minmay_misc_feat_tiny, uniq_grinder, uniq_crazy_yiuf_cottage
D:4:      layout_basic, uniq_blork_the_orc, uniq_natasha, uniq_ijyb

Skill      XL: |  1  2  3  4  5  6 |
---------------+-------------------+-----
Spellcasting   | 3 4 5 6 |  6.0
Necromancy     | 5 6 |  6.0
Dodging        | |  1.6
Stealth        | |  1.6

Action                     |  1- 3 |  4- 6 || total
---------------------------+-------+-------++-------
  Melee: Unarmed           |     2 |       ||     2
         Spear             |     6 |       ||     6
         Whip              |     1 |     8 ||     9
   Cast: Necrotise         |    86 |    63 ||   149
         Vampiric Draining |       |     8 ||     8
    Use: Scroll            |     4 |       ||     4
   Stab: Sleeping          |       |     1 ||     1
 Armour: Robe              |     9 |     6 ||    15
  Dodge: Dodged            |    51 |    18 ||    69

Table legend: (Time is in decaauts)
 A = Elapsed time spent in this place.
 B = Non-inter-level travel time spent in this place.
 C = Inter-level travel time spent in this place.
 D = Time resting spent in this place.
 E = Time spent auto-exploring this place.
 F = Levels seen in this place.
 G = Mean time per level.
                   A        B        C        D        E       F      G
               +--------+--------+--------+--------+--------+-----+--------+
         Total |   3802 |   3609 |    193 |    225 |   2807 |   4 |  950.5 |
       Dungeon |   3802 |   3609 |    193 |    225 |   2807 |   4 |  950.5 |
               +--------+--------+--------+--------+--------+-----+--------+

Top non-repeatable levels by time:
     D:2: 1515 daAuts
     D:3: 946 daAuts
     D:1: 883 daAuts
     D:4: 457 daAuts
